[Event "*** SCC Grand Prix: Titled Tuesday Blitz"]
[Site "Chess.com"]
[Date "2020.09.29"]
[Round "8"]
[White "Godzillator"]
[Black "Egorov_Pavel"]
[Result "1/2-1/2"]
[WhiteElo "2335"]
[BlackElo "2441"]
[TimeControl "180+1"]
[EndTime "11:33:18 PDT"]
[Termination "Game drawn - insufficient material"]

1. d4 Nf6 2. c4 g6 3. Nc3 d5 4. Nf3 Bg7 5. h4 c5 6. cxd5 Nxd5 7. h5 cxd4 8. Nxd4 Nxc3 9. bxc3 Nc6 10. e3 Nxd4 11.
cxd4 O-O 12. hxg6 hxg6 13. Bc4 Qc7 14. Bb3 e5 15. Bb2 exd4 16. Bxd4 Rd8 17. Rc1 Qa5+ 18. Kf1 Bxd4 19. exd4 Bf5 20. d5 Rac8 21. Rxc8 Rxc8 22.
Rh4 Qc3 23. Kg1 b5 24. d6 Qb2 25.
d7 Rd8 26. Rd4 Qc3 27. Qe2 Qc7 28. Qe7 Rxd7 29. Bxf7+ Kg7 30. Rxd7 Qxd7 31. Qxd7 Bxd7 32. Bd5 Kf6 33. a3 a5 34. Kf1 Be6 35. Be4 b4 36. axb4 axb4 37. Ke2 g5 38. Kd2 Ke5 39. Bh7 Kd4 40.
Kc2 b3+ 41. Kb2 Bd5 42. g3 Ke5 43. f4+ gxf4 44. gxf4+ Kxf4 45. Bc2 Ke5 46. Bxb3 1/2-1/2

[Event "*** SCC Grand Prix: Titled Tuesday Blitz"]
[Site "Chess.com"]
[Date "2020.09.29"]
[Round "8"]
[White "Nikithebest"]
[Black "malakismayil"]
[Result "1-0"]
[WhiteElo "2428"]
[BlackElo "2320"]
[TimeControl "180+1"]
[EndTime "11:33:18 PDT"]
[Termination "Nikithebest won on time"]

1. e4 e5 2. Nf3 Nc6 3. Nc3 Nf6 4. d4 d6 5. Bc4 Be7 6. Be3 Bg4 7. d5 Nb8 8. h3 Bh5 9. g4 Bg6 10. Bd3 h5 11. g5 Nh7 12. h4 Nd7 13. Qd2 a6 14. Ne2 Nb6 15. Ng3 Qd7 16. O-O-O O-O-O 17. Kb1 Kb8 18. c4 f6 19. Nf5 fxg5 20. hxg5 Rdf8 21. N3h4 Bxf5 22. exf5 Re8 23. Ng6 Rhg8 24. Rxh5 Nf8 25. Nxe7 Qxe7 26. b3 Nfd7 27. Rh7 e4 28. Be2 Qf7 29.
f6 Qg6 30. Rxg7 Rxg7 31. fxg7 Qxg7 32. Rg1 Qg6 33. Qd1 Rh8 34. Rh1 Rf8 35. Rh6 Qg7 36.
Qd4 Ne5 37. a4 Nbd7 38. Qa7+ Kc8 39. Qd4 Nc5 40. Ka2 b6 41. Qd1 a5 42. Qh1 Nf7 43.
Rf6 Nxg5 44. Rxf8+ Qxf8 45. Bxg5 Qxf2 46. Qf1 1-0

[Event "*** SCC Grand Prix: Titled Tuesday Blitz"]
[Site "Chess.com"]
[Date "2020.09.29"]
[Round "8"]
[White "ARTHURMOTIVATOR"]
[Black "anasta10"]
[Result "0-1"]
[WhiteElo "2365"]
[BlackElo "2515"]
[TimeControl "180+1"]
[EndTime "11:33:20 PDT"]
[Termination "anasta10 won by checkmate"]

1. e4 e6 2. b3 d5 3. Bb2 dxe4 4.
Nc3 Nf6 5. Qe2 Be7 6. O-O-O Nc6 7. Nxe4 a5 8. a4 O-O 9. Nf3 Nb4 10. d4 b6 11. Ne5 Bb7 12. Nxf6+ Bxf6 13. Rg1 Qc8 14. f4 c5 15. dxc5 Qxc5 16. Bd4 Qc7 17. g4 Rac8 18. Rd2 Nd5 19. Qf2 Be7 20. Bc4 Ba3+ 21. Kb1 Bc5 22. Bxc5 bxc5 23. g5 Nb6 24. Rgd1 Nxc4 25. Nxc4 Bd5 26.
Ne3 c4 27. Nxd5 exd5 28. Rxd5 cxb3 29. cxb3 Rb8 30. Kb2 Rfc8 31. Qd2 g6 32. h4 Qb6 33. Qd3 Qf2+ 34. Rd2 Qxf4 35. h5 Qxa4 36. h6 Qe8 37. Qd4 Qf8 38. Rd7 Rb4 39. Qf6 Rbb8 40. Rf2 a4 41.
Rxf7 Rxb3+ 42. Ka1 Qa3+ 43. Ra2 Qc1# 0-1

[Event "*** SCC Grand Prix: Titled Tuesday Blitz"]
[Site "Chess.com"]
[Date "2020.09.29"]
[Round "8"]
[White "LionTheLeon_06"]
[Black "Brave_spirit12"]
[Result "1/2-1/2"]
[WhiteElo "2601"]
[BlackElo "2454"]
[TimeControl "180+1"]
[EndTime "11:33:21 PDT"]
[Termination "Game drawn - insufficient material"]

1. b4 a5 2. b5 Nf6 3. Nf3 g6 4. Bb2 Bg7 5. e3 O-O 6. c4 d6 7. d4 c6 8. Nc3 Nbd7 9. Be2 d5 10.
O-O Re8 11. a4 e5 12. dxe5 Ne4 13. cxd5 Nxc3 14. Bxc3 cxd5 15. Qxd5 Qe7 16. Rfd1 Rb8 17. Rac1 b6 18. Qd6 Qxd6 19. exd6 Nc5 20. Bxg7 Kxg7 21. Nd4 Bd7 22. Nc6 Rbc8 23. Ne7 Rb8 24. Rd4 Nb3 25. Rdc4 Nxc1 26. Rxc1 Be6 27. e4 f6 28. f4 g5 29. fxg5 Rbd8 30. gxf6+ Kxf6 31. Rc6 Ke5 32. Rxb6 Rxd6 33. Nc6+ Kxe4 34. Bf3+ Ke3 35. h4 Bd5 36.
Bxd5 Rxd5 37. Nxa5 Re4 38. Rb8 Rxa4 39. Nc6 Rxh4 40.
Re8+ Re4 41. Rh8 Rxb5 42. Rxh7 Rb1+ 43. Kh2 Rb2 44. Ne7 Rg4 45. Nf5+ Kf4 46. Nh4 Kg5 47. Nf3+ Kg6 48. Ne5+ Kxh7 49. Nxg4 Rxg2+ 50. Kxg2 1/2-1/2

[Event "*** SCC Grand Prix: Titled Tuesday Blitz"]
[Site "Chess.com"]
[Date "2020.09.29"]
[Round "8"]
[White "nrvisakh"]
[Black "EvgenyRomanov"]
[Result "0-1"]
[WhiteElo "2777"]
[BlackElo "2626"]
[TimeControl "180+1"]
[EndTime "11:33:24 PDT"]
[Termination "EvgenyRomanov won by resignation"]

1. e4 e6 2. d4 d5 3. e5 c5 4.
c3 Nc6 5. Nf3 Bd7 6. Bd3 Rc8 7.
a3 h6 8. O-O cxd4 9. cxd4 Na5 10. Nc3 Qb6 11. Re1 Nb3 12. Rb1 Ne7 13. Be3 g6 14.
Bc2 Na5 15. Ba4 Nc4 16. Bxd7+ Kxd7 17. Nd2 Nf5 18. Nxc4 Rxc4 19. Ne2 Be7 20. Ng3 Nxe3 21. fxe3 h5 22. Qf3 Rf8 23. Qf2 h4 24. Nf1 Bg5 25.
Re2 Qc6 26. Rbe1 b6 27. h3 Be7 28. Nd2 Rc2 29. Nf3 Rxe2 30. Rxe2 g5 31. Rc2 Qb5 32.
Nh2 f5 33. exf6 Rxf6 34. Qd2 Bd6 35. Qc3 Ke7 36. Qc8 Rf8 37. Qb7+ Qd7 38. Qxd7+ Kxd7 39. Nf3 Rf5 40. Re2 a5 41. e4 dxe4 42. Rxe4 Bf4 43.
Kf2 Rb5 44. Re2 Kd6 45. Ne1 Kd5 46. Nd3 Bg3+ 47. Kf3 Rb3 48. Ke3 Bf4+ 0-1

[Event "*** SCC Grand Prix: Titled Tuesday Blitz"]
[Site "Chess.com"]
[Date "2020.09.29"]
[Round "8"]
[White "sorrm8thatscheckm8"]
[Black "parintele_chess"]
[Result "1-0"]
[WhiteElo "2452"]
[BlackElo "2130"]
[TimeControl "180+1"]
[EndTime "11:33:24 PDT"]
[Termination "sorrm8thatscheckm8 won by resignation"]

1. d4 Nf6 2. c4 g6 3. Nc3 Bg7 4. e4 d6 5. h3 O-O 6. Nf3 e5 7. d5 a5 8. Be3 Na6 9. Bd3 Nd7 10. Bc2 f5 11. exf5 gxf5 12. Ng5 Nf6 13. Ne6 Bxe6 14. dxe6 f4 15. Bd2 Nb4 16. Bb1 Qe7 17. a3 Qxe6 18.
axb4 axb4 19. Rxa8 Rxa8 20. Nd5 Nxd5 21. cxd5 Qxd5 22.
O-O Ra1 23. Bxh7+ Kxh7 24. Qc2+ e4 25. Rxa1 b3 26. Qc1 f3 27. gxf3 exf3 28. Qb1+ Kg8 29. Ra8+ Kf7 30. Qe1 Be5 31. Qe3 Ke7 32. Qg5+ Kd7 33.
Qg6 Kc6 34. Ra5 b5 35. Qe8+ Kb6 36. Qb8+ Kc6 37. Qa8+ Kc5 38. Rxb5+ Kxb5 39. Qxd5+ c5 40. Qxb3+ Kc6 41. Bc3 Bf4 42. Qc4 Bc1 43. Qe4+ d5 44.
Qe6+ Kb5 45. Qxd5 1-0

[Event "*** SCC Grand Prix: Titled Tuesday Blitz"]
[Site "Chess.com"]
[Date "2020.09.29"]
[Round "8"]
[White "Sethu0025"]
[Black "m_ezat"]
[Result "0-1"]
[WhiteElo "2760"]
[BlackElo "2642"]
[TimeControl "180+1"]
[EndTime "11:33:27 PDT"]
[Termination "m_ezat won on time"]

1. d4 Nf6 2. c4 g6 3. Nc3 Bg7 4. e4 d6 5. h3 O-O 6. Be3 e5 7. d5 Na6 8. Qc2 Nc5 9. Be2 a5 10. Nf3 c6 11. Nd2 Bd7 12. g4 a4 13. Kf1 Qa5 14. a3 cxd5 15. cxd5 b5 16. f3 Rfc8 17. Kg2 Rc7 18. Rac1 Rac8 19. Qb1 Rb7 20. Na2 Rbc7 21.
Nb4 Na6 22. Nxa6 Qxa6 23. Rxc7 Rxc7 24. Rc1 Qc8 25. Rxc7 Qxc7 26. Qd1 Ne8 27. Nb1 Bf8 28. Qd2 Be7 29. Bd3 f5 30. Qb4 fxe4 31. fxe4 Nf6 32. Nc3 h5 33. g5 Qc8 34. gxf6 Bxh3+ 35. Kf2 Bxf6 36. Ke1 h4 37. Qxd6 Kg7 38. Bh6+ Kf7 39. Nxb5 g5 40. Bxg5 Bxg5 41. Nc7 Qg4 42. Qe6+ Qxe6 43.
Nxe6 Bc1 44. Bb5 Bg2 45. Bxa4 Bxe4 46. Bb3 h3 0-1

[Event "*** SCC Grand Prix: Titled Tuesday Blitz"]
[Site "Chess.com"]
[Date "2020.09.29"]
[Round "8"]
[White "Bulldog167"]
[Black "theblitzchamp"]
[Result "1-0"]
[WhiteElo "2796"]
[BlackElo "2623"]
[TimeControl "180+1"]
[EndTime "11:33:29 PDT"]
[Termination "Bulldog167 won by checkmate"]

1. e4 c6 2. Ke2 d5 3. d3 e5 4. g3 Nf6 5. Bg2 Bc5 6. f3 O-O 7. Nc3 Be6 8. Nh3 b5 9. Nf2 Nbd7 10. Re1 Qb6 11. Nh1 dxe4 12. Nxe4 Nxe4 13. fxe4 Bg4+ 14. Bf3 f5 15. Bxg4 fxg4 16. c3 b4 17. Qb3+ Kh8 18. Bd2 a5 19. Rf1 Nf6 20. Bg5 a4 21. Qc2 a3 22. Bxf6 Rxf6 23. Rxf6 gxf6 24. bxa3 bxc3 25. Rb1 Qa5 26. Rb3 Bd4 27. Nf2 Qc5 28. Nd1 Rxa3 29.
Rb8+ Kg7 30. Rb7+ Kg6 31. Rb3 Ra8 32. Rb7 Qa5 33. a4 Qxa4 34. Ne3 Qa1 35. Nf5 Rg8 36.
Ne7+ Kh6 37. Nxg8+ Kg6 38. Ne7+ Kh5 39. Nf5 Qg1 40.
Nxd4 exd4 41. Qd1 Qe3+ 42. Kf1 Kg5 43. Qe2 Qc1+ 44. Kg2 h5 45. Qf2 Qe3 46. Qf5+ Kh6 47. Rh7# 1-0

[Event "*** SCC Grand Prix: Titled Tuesday Blitz"]
[Site "Chess.com"]
[Date "2020.09.29"]
[Round "8"]
[White "Snegokhod"]
[Black "Misticpikachu"]
[Result "1-0"]
[WhiteElo "2413"]
[BlackElo "2310"]
[TimeControl "180+1"]
[EndTime "11:33:29 PDT"]
[Termination "Snegokhod won on time"]

1. e4 c5 2. Nf3 Nc6 3. d4 cxd4 4. Nxd4 Nf6 5. Nc3 e6 6. Ndb5 Bb4 7. a3 Bxc3+ 8. Nxc3 d5 9. Bd3 O-O 10. O-O b6 11.
Bg5 d4 12. Ne2 e5 13. f4 Qd6 14. fxe5 Qxe5 15. Bxf6 gxf6 16. Ng3 Qg5 17. Rf2 Ne5 18. Qd2 Ng4 19. Rf4 Ne3 20. Qf2 Ng4 21. Qf3 Be6 22. h3 Ne5 23. Qf2 Kh8 24. Kh2 Rg8 25. Rxf6 Qh4 26. Rf4 Rg4 27. Nf5 Rxf4 28. Qxh4 Rxh4 29.
Nxh4 Rc8 30. Nf3 Nxd3 31. cxd3 Rc2 32. Nxd4 Rxb2 33. Rc1 Ra2 34. Rc3 a5 35. Nxe6 fxe6 36. Kg3 Kg7 37. Kf4 Rxg2 38. Ke5 Rg3 39. Kxe6 Rxh3 40. e5 Re3 41. Rc7+ Kg6 42. d4 h5 43. Rc8 Kg7 44. d5 h4 45. Rc4 h3 46. d6 Kf8 47.
Rc8+ Kg7 48. d7 Rd3 49. d8=Q Rxd8 50. Rxd8 h2 51. Rd1 h1=Q 52. Rxh1 1-0

[Event "*** SCC Grand Prix: Titled Tuesday Blitz"]
[Site "Chess.com"]
[Date "2020.09.29"]
[Round "8"]
[White "anon481216"]
[Black "denispopov"]
[Result "1-0"]
[WhiteElo "2421"]
[BlackElo "1985"]
[TimeControl "180+1"]
[EndTime "11:33:29 PDT"]
[Termination "anon481216 won by resignation"]

1. d4 Nf6 2. c4 g6 3. Nc3 d5 4. Bg5 Ne4 5. Bh4 Nxc3 6. bxc3 c5 7. e3 Bg7 8. Nf3 O-O 9. cxd5 Qxd5 10. Be2 Bf5 11.
Bxe7 Rc8 12. O-O cxd4 13. cxd4 Nc6 14. Ba3 Qa5 15. Qb3 Be6 16. Qb2 Rab8 17. Rac1 b5 18. Bd6 Rb7 19. Ne5 Nxe5 20. Rxc8+ Bxc8 21. dxe5 Be6 22. a3 a6 23. Rc1 Qd8 24. Qd4 Rd7 25. Bg4 Bxg4 26. Qxg4 h5 27. Qf3 Qe8 28. Qd5 Bf8 29.
g3 Bxd6 30. exd6 Qe6 31. Qxe6 fxe6 32. Rc6 a5 33. e4 b4 34. axb4 axb4 35. e5 Kf7 36.
Rb6 g5 37. Rxb4 Kg6 38. f4 gxf4 39. Rxf4 Ra7 40. Rf6+ Kg5 41. Rxe6 Kf5 42. Re7 Ra8 43. Kg2 Rd8 44. Kh3 Kg6 45. d7 Kg5 46. e6 Kf6 47. Re8 1-0

[Event "*** SCC Grand Prix: Titled Tuesday Blitz"]
[Site "Chess.com"]
[Date "2020.09.29"]
[Round "8"]
[White "AlexOstrovskiy"]
[Black "rasmussvane"]
[Result "1/2-1/2"]
[WhiteElo "2746"]
[BlackElo "2894"]
[TimeControl "180+1"]
[EndTime "11:33:33 PDT"]
[Termination "Game drawn by repetition"]

1. d4 d5 2. Bf4 Nf6 3. e3 c5 4. c3 Nc6 5. Nd2 Bf5 6. Ngf3 e6 7.
Nh4 Bg4 8. Qb3 Qd7 9. h3 Bh5 10.
g4 Bg6 11. Nxg6 hxg6 12. Bg2 O-O-O 13. dxc5 Bxc5 14. O-O-O Bd6 15. Bxd6 Qxd6 16. c4 Qc5 17.
Kb1 d4 18. Qb5 Qxb5 19. cxb5 Ne5 20. exd4 Rxd4 21. Nb3 Rxd1+ 22. Rxd1 g5 23. Rc1+ Kb8 24. Nc5 Nd5 25. Bxd5 exd5 26. Rd1 Rd8 27. a4 Kc7 28.
Re1 Ng6 29. b4 Rh8 30. Re3 b6 31. Nb3 Kd7 32. Nd4 Ne7 33. Kb2 Rc8 34. Rc3 Re8 35.
Re3 Rc8 36. Rc3 Rxc3 37. Kxc3 Kd6 38. Nf3 f6 39. Nd4 Ng6 40. Nc6 a6 41. Nd4 axb5 42.
Nxb5+ Kc6 43. Nd4+ Kc7 44. Nf5 Nf4 45. Nxg7 Nxh3 46. f3 Kc6 47. Nf5 Nf4 48. Kd4 Ne6+ 49. Kd3 Nf4+ 50. Kd4 Ne6+ 51. Kd3 Nf4+ 52. Kd4 1/2-1/2

[Event "*** SCC Grand Prix: Titled Tuesday Blitz"]
[Site "Chess.com"]
[Date "2020.09.29"]
[Round "8"]
[White "Evgeny81"]
[Black "Kumi29"]
[Result "1-0"]
[WhiteElo "2669"]
[BlackElo "2423"]
[TimeControl "180+1"]
[EndTime "11:33:33 PDT"]
[Termination "Evgeny81 won by resignation"]

1. Nf3 b6 2. g3 Bb7 3. Bg2 e6 4. O-O f5 5. c4 Nf6 6. b3 Be7 7.
Bb2 O-O 8. d3 h6 9. Nc3 d6 10. Qc2 e5 11. e4 fxe4 12. dxe4 a5 13. Nd5 Nxd5 14. exd5 Nd7 15. Nd2 Qe8 16. Bh3 Nc5 17.
Rae1 Qh5 18. Bg2 Bc8 19. Ne4 Nxe4 20. Qxe4 Bf6 21. Qe2 Bg4 22. f3 Bh3 23. Bxh3 Qxh3 24. Qg2 Qf5 25. Re4 Rae8 26. h4 Re7 27. Kh2 Ref7 28.
Qh3 Bd8 29. Qxf5 Rxf5 30. Kg2 g5 31. h5 Kg7 32. Bc1 R5f7 33. Be3 Be7 34. a3 Ra8 35. Rf2 Bd8 36. f4 gxf4 37. gxf4 exf4 38. Rfxf4 Rxf4 39. Bxf4 Bf6 40. Re6 Rg8 41. Kf3 Rf8 42. Ke4 Rf7 43. Re8 Bg5 44. Bg3 Rd7 45. Be1 Kf7 46. Re6 Rd8 47.
Kf5 Rg8 48. Bc3 Ra8 49. Rg6 Re8 50. Rg7+ Kf8 51. Rxc7 Re3 52. Bg7+ Kg8 53. Kg6 Bd8 54. Rc8 Rg3+ 55. Kxh6 Rxg7 56. Rxd8+ Kf7 57. Rd7+ 1-0

[Event "*** SCC Grand Prix: Titled Tuesday Blitz"]
[Site "Chess.com"]
[Date "2020.09.29"]
[Round "8"]
[White "Jospem"]
[Black "Barys1974"]
[Result "1-0"]
[WhiteElo "2952"]
[BlackElo "2637"]
[TimeControl "180+1"]
[EndTime "11:33:34 PDT"]
[Termination "Jospem won by resignation"]

1. e4 c5 2. Nf3 d6 3. c3 Nf6 4. h3 g6 5. Bd3 Bg7 6. Bc2 O-O 7. O-O Nc6 8. d4 cxd4 9. cxd4 e5 10. d5 Nb4 11. Nc3 Nxc2 12. Qxc2 Nh5 13. Bg5 Qe8 14.
Qb3 a6 15. Qb6 f6 16. Be3 Qd7 17. Rac1 Rf7 18. Ne2 Bf8 19. Rc2 Qa4 20. Rfc1 Bd7 21. Nd2 Qb5 22. Nc4 Rc8 23. b3 f5 24. Qa7 Qb4 25. Qb6 Qb5 26. Nc3 Qxb6 27. Nxb6 Rc7 28. f3 Be8 29. Ne2 Rxc2 30. Rxc2 fxe4 31. fxe4 Nf6 32.
Rc8 Bb5 33. Nc3 Bd3 34. Bh6 Nxe4 35. Nxe4 Bxe4 36. Nd7 Bf5 37. Rxf8+ Rxf8 38. Nxf8 Kf7 39. Kf2 b5 40. Ke3 b4 41. g4 Bc8 42. Kd3 a5 43.
Ne6 Bxe6 44. dxe6+ Kxe6 45. Be3 d5 46. Bb6 d4 47.
Bxa5 1-0

[Event "*** SCC Grand Prix: Titled Tuesday Blitz"]
[Site "Chess.com"]
[Date "2020.09.29"]
[Round "8"]
[White "CM_rui"]
[Black "kai_nov"]
[Result "0-1"]
[WhiteElo "2382"]
[BlackElo "2277"]
[TimeControl "180+1"]
[EndTime "11:33:35 PDT"]
[Termination "kai_nov won by checkmate"]

1. e4 c5 2. Nf3 Nc6 3. c4 e5 4. Nc3 d6 5. d3 f5 6. Be2 Nf6 7. O-O Be7 8. a3 f4 9. Rb1 O-O 10. b4 Nd4 11. Kh1 b6 12. bxc5 bxc5 13. Nxd4 cxd4 14.
Nd5 Nxd5 15. cxd5 Rf6 16. Bg4 Rh6 17. Bxc8 Qxc8 18. a4 Bd8 19. Ba3 Ba5 20. Rc1 Bc3 21.
Qf3 Rb8 22. Rb1 Rf6 23. Rxb8 Qxb8 24. Qg4 Qb7 25. h3 h6 26. Qh5 Qb3 27. Qe8+ Kh7 28. Bc1 Qc2 29. f3 Qxd3 30. Rg1 Qe2 31. Qd7 d3 32.
Qxa7 Bd4 33. Qa6 Bxg1 34. Kxg1 Qd1+ 35. Kh2 Qxc1 36. Qxd3 Qb2 37. a5 Qf2 38. Qd1 Rg6 39. Qh1 Qg3+ 40. Kg1 Qe1+ 41. Kh2 Qxh1+ 42. Kxh1 Rf6 43.
a6 Rf8 44. a7 Ra8 45. Kh2 Rxa7 46. h4 Ra2 47. Kh3 g6 48. h5 gxh5 49. g4 hxg4+ 50. Kxg4 Kg6 51. Kh4 Rg2 52. Kh3 Rg3+ 53. Kh4 Rxf3 54.
Kg4 Rg3+ 55. Kh4 Rg1 56. Kh3 f3 57. Kh4 f2 58. Kh3 f1=Q+ 59. Kh4 Qf4+ 60. Kh3 Qg3# 0-1

[Event "*** SCC Grand Prix: Titled Tuesday Blitz"]
[Site "Chess.com"]
[Date "2020.09.29"]
[Round "8"]
[White "SharapovEvgeny"]
[Black "Srisshhhtea"]
[Result "1-0"]
[WhiteElo "2481"]
[BlackElo "2299"]
[TimeControl "180+1"]
[EndTime "11:33:36 PDT"]
[Termination "SharapovEvgeny won by resignation"]

1. c4 Nf6 2. Nc3 g6 3. g3 Bg7 4. Bg2 O-O 5. e3 c6 6. Nge2 d5 7. cxd5 cxd5 8. d4 Nc6 9. O-O b6 10. Nf4 e6 11. b3 Bb7 12. Ba3 Re8 13. Qd2 Rc8 14. Rfc1 Ba6 15. Rc2 Bf8 16. Bxf8 Rxf8 17. Nd1 Qd6 18. Rac1 Ne7 19. Rxc8 Rxc8 20. Rxc8+ Nxc8 21.
Qc3 Ne7 22. b4 Qc6 23. Qxc6 Nxc6 24. a3 Bb5 25. Nc3 Bc4 26. h4 a5 27. bxa5 bxa5 28.
Bf1 Bxf1 29. Kxf1 Kf8 30. Ke2 Ke7 31. f3 Nd7 32. Nd3 Nb6 33. Nc5 h6 34. Kd3 g5 35.
h5 f5 36. e4 dxe4+ 37. fxe4 g4 38. exf5 exf5 39. d5 Ne5+ 40. Kd4 Nf3+ 41. Ke3 Nc4+ 42. Kf4 Nxa3 43. Kxf5 Nc4 44. Kxg4 Nfe5+ 45. Kf5 Nd7 46. Nxd7 Kxd7 47. Kg6 Ne3 48. Kxh6 Ng4+ 49. Kg5 Ne5 50. h6 Ke7 51. h7 Kd6 52. Kf6 Nd7+ 53. Kf7 Ne5+ 54.
Kg7 1-0

[Event "*** SCC Grand Prix: Titled Tuesday Blitz"]
[Site "Chess.com"]
[Date "2020.09.29"]
[Round "8"]
[White "Konavets"]
[Black "TrimitziosP7"]
[Result "0-1"]
[WhiteElo "2960"]
[BlackElo "2843"]
[TimeControl "180+1"]
[EndTime "11:33:37 PDT"]
[Termination "TrimitziosP7 won on time"]

1. e4 e5 2. Nf3 Nf6 3. d4 Nxe4 4. Bd3 d5 5. dxe5 Be7 6. O-O O-O 7. c4 c6 8. cxd5 cxd5 9. Nbd2 Nc5 10. Bc2 Nc6 11. Nb3 Ne6 12. Re1 a5 13. a3 d4 14. Qd3 g6 15.
Bh6 Re8 16. Rad1 Qb6 17. Qf1 Bd7 18. h4 Rac8 19. Nbd2 Qxb2 20. Bd3 Qxa3 21. Ne4 Nc5 22. Bc1 Qa4 23. Nf6+ Bxf6 24. exf6 Nxd3 25. Qxd3 Bg4 26. Ba3 Bxf3 27. Qxf3 h6 28. Bd6 Qb5 29. g4 Kh7 30. Rb1 Rxe1+ 31. Rxe1 h5 32. Re7 Nxe7 33. fxe7 Qc4 34.
gxh5 Qe6 35. hxg6+ Qxg6+ 36. Bg3 Re8 37. Qxb7 Qe6 38.
Qb5 Rxe7 39. Qh5+ Qh6 40. Qxa5 Qg6 41. h5 Qe4 42. Qg5 Re6 43. Qd8 d3 44. Qd7 Re7 45. Qd6 Qe1+ 46. Kh2 Qe4 47. Kg1 Re6 48. Qd7 Qf5 49. Qd4 Re1+ 0-1

[Event "*** SCC Grand Prix: Titled Tuesday Blitz"]
[Site "Chess.com"]
[Date "2020.09.29"]
[Round "8"]
[White "pedromartinez91"]
[Black "Ermito2020"]
[Result "1-0"]
[WhiteElo "2478"]
[BlackElo "2665"]
[TimeControl "180+1"]
[EndTime "11:33:37 PDT"]
[Termination "pedromartinez91 won by resignation"]

1. d4 e6 2. e4 d5 3. Nc3 Bb4 4. Qd3 dxe4 5. Qxe4 Nf6 6. Qh4 Nc6 7. Nf3 Nd5 8. Bg5 f6 9. Bd2 Nxc3 10. bxc3 Be7 11. Bd3 f5 12. Bg5 h6 13. Qh5+ Kf8 14. Bxe7+ Qxe7 15. Bb5 Bd7 16. Bxc6 Bxc6 17. Ne5 Be8 18. Qf3 c6 19. g4 Qf6 20. Rg1 g5 21. O-O-O Rh7 22. Rde1 Rd8 23. Nd3 Re7 24. gxf5 exf5 25. Rxe7 Kxe7 26.
Re1+ Kf8 27. Nc5 Bf7 28. Re5 Rd5 29. c4 Rxc5 30. Rxc5 Qxd4 31. Rxf5 Qxc4 32. Qb3 Kg7 33. Qxc4 Bxc4 34. Re5 Kf6 35. Re3 Bd5 36. a3 b5 37.
Kd2 a5 38. c3 Kf5 39. Re8 Kg4 40. Re3 Kf4 41. Kd3 c5 42. Rg3 Bc4+ 43. Kd2 b4 44. cxb4 cxb4 45. axb4 axb4 46. Rh3 b3 47. Kc3 Bd5 48. Rxh6 Kf3 49. Rf6+ Kg2 50. Rf5 Be6 51. Rxg5+ Kxf2 52. h4 Kf3 53. h5 Kf4 54. Rg1 Bf5 55. h6 Ke5 56. Rg5 Kf6 57. Rxf5+ 1-0

[Event "*** SCC Grand Prix: Titled Tuesday Blitz"]
[Site "Chess.com"]
[Date "2020.09.29"]
[Round "8"]
[White "FairChess_on_YouTube"]
[Black "Gajuchess"]
[Result "1/2-1/2"]
[WhiteElo "2929"]
[BlackElo "2818"]
[TimeControl "180+1"]
[EndTime "11:33:38 PDT"]
[Termination "Game drawn - insufficient material"]

1. d4 Nf6 2. Bg5 d5 3. Nd2 c5 4. dxc5 e6 5. e4 Bxc5 6. Qe2 Be7 7. O-O-O Nc6 8. f4 Qa5 9. Kb1 dxe4 10. Nxe4 Nxe4 11.
Qxe4 Bxg5 12. fxg5 Qxg5 13. Nf3 Qc5 14. Bd3 Bd7 15.
Qh4 f6 16. Qg3 Qe7 17. Qc7 Rc8 18. Qxb7 Rb8 19. Qc7 O-O 20. Bxh7+ Kh8 21. Rxd7 Qa3 22. b3 Nb4 23. Qxa7 Qxa7 24. Rxa7 Kxh7 25. Rd1 Nd5 26. Kb2 Rfd8 27. c4 Ne3 28. Rxd8 Rxd8 29. c5 e5 30. b4 e4 31. Nh4 Kh6 32. Re7 g5 33. Rxe4 Nd1+ 34. Kc2 gxh4 35. c6 h3 36. gxh3 Nf2 37.
c7 Rc8 38. Rc4 f5 39. b5 Ne4 40. Rxe4 Rxc7+ 41. Kd3 fxe4+ 42. Kxe4 Rc5 43. a4 Rc4+ 44.
Kd5 Rxa4 45. b6 Rb4 46. Kc6 Kh5 47. b7 Kh4 48. Kc7 Kxh3 49. b8=Q Rxb8 50. Kxb8 Kxh2 1/2-1/2

[Event "*** SCC Grand Prix: Titled Tuesday Blitz"]
[Site "Chess.com"]
[Date "2020.09.29"]
[Round "8"]
[White "cukin84"]
[Black "VladimirBugayev"]
[Result "0-1"]
[WhiteElo "2095"]
[BlackElo "2252"]
[TimeControl "180+1"]
[EndTime "11:33:39 PDT"]
[Termination "VladimirBugayev won by checkmate"]

1. e4 c6 2. d4 d5 3. Nd2 dxe4 4. Nxe4 Nf6 5. Ng5 h6 6. N5f3 Bg4 7. Bc4 e6 8. h3 Bxf3 9. Nxf3 Bd6 10. O-O Nbd7 11. Qe2 O-O 12. Ne5 c5 13. Nxf7 Rxf7 14. Bxe6 Nf8 15.
Bxf7+ Kxf7 16. dxc5 Bxc5 17. Rd1 Qb6 18. c3 Ng6 19. b4 Bd6 20. Be3 Qc7 21. Rd3 Re8 22.
Rad1 Nf4 23. Bxf4 Rxe2 24. Rxd6 Qxc3 25. b5 Qc2 26. Be3 Ne4 27. Rd7+ Ke6 28. R1d4 Nxf2 29. R4d6+ Ke5 30. Rd5+ Ke6 31. R5d6+ Ke5 32. Bxf2 Rxf2 33. Rd5+ Ke4 34. Rd4+ Ke3 35. Rg4 Qc1+ 36. Kh2 Qc5 37. Rg3+ Ke4 38. Rg4+ Rf4 39. Rxf4+ Kxf4 40. Rf7+ Ke5 41.
Rf3 Qxb5 42. g4 Ke4 43. Kg3 Qe2 44. Rf4+ Ke3 45. Rf5 Qe1+ 46. Kg2 Qd2+ 47. Kg3 Ke4 48. Rf7 Qe1+ 49. Kg2 Qd2+ 50. Kg3 Qc3+ 51. Kg2 Qb2+ 52.
Kh1 Qxa2 53. Re7+ Kf3 54. Re1 Qg2# 0-1

[Event "*** SCC Grand Prix: Titled Tuesday Blitz"]
[Site "Chess.com"]
[Date "2020.09.29"]
[Round "8"]
[White "Zkid"]
[Black "jefferyx"]
[Result "1-0"]
[WhiteElo "2843"]
[BlackElo "2944"]
[TimeControl "180+1"]
[EndTime "11:33:40 PDT"]
[Termination "Zkid won on time"]

1. e4 c5 2. Nf3 d6 3. d4 Nf6 4. dxc5 Nxe4 5. cxd6 Nc6 6. Bd3 Nxd6 7. O-O Bg4 8. Re1 e6 9. h3 Bh5 10. Bf4 Be7 11. Nbd2 O-O 12. c3 Bg6 13. Bf1 Qd7 14. Nc4 Rad8 15. Nfe5 Nxe5 16. Nxe5 Qc8 17. Nxg6 hxg6 18.
Qb3 Rd7 19. Bd3 Rfd8 20. Rad1 Qc6 21. Bxg6 fxg6 22. Rxe6 Qc4 23. Rxg6 Qxb3 24. axb3 Ne4 25. Rxd7 Rxd7 26. Be3 Bc5 27. Bxc5 Nxc5 28. b4 Rd1+ 29. Kh2 Nd3 30. Re6 Kf7 31. Re2 b5 32. Kg3 a6 33. f3 Rb1 34. Rd2 Nxb2 35. Rd7+ Kf8 36. Ra7 Ra1 37. Kg4 Nd1 38. Kf5 Nxc3 39. Kg6 Rb1 40. Rxa6 Rxb4 41. Ra8+ Ke7 42. Kxg7 Rb1 43.
Ra7+ Ke6 44. g4 b4 45. f4 b3 46. f5+ Kd5 47. f6 b2 48. f7 Rf1 49. Rb7 b1=Q 50. Rxb1 Nxb1 51. f8=Q Rxf8 52. Kxf8 Ke6 53. Kg7 Nc3 54.
h4 Ne4 55. h5 Nf6 56. h6 Ne8+ 57. Kg6 Nd6 58. h7 Nf7 59. Kg7 Ke7 60. g5 1-0

[Event "*** SCC Grand Prix: Titled Tuesday Blitz"]
[Site "Chess.com"]
[Date "2020.09.29"]
[Round "8"]
[White "KarstenHansch"]
[Black "JuliaEfremova"]
[Result "0-1"]
[WhiteElo "2444"]
[BlackElo "2352"]
[TimeControl "180+1"]
[EndTime "11:33:40 PDT"]
[Termination "JuliaEfremova won by resignation"]

1. e4 d5 2. exd5 Qxd5 3. Nc3 Qa5 4. d4 Nf6 5. Nf3 Bg4 6. Bc4 Nc6 7. O-O O-O-O 8. Be3 e5 9. d5 e4 10. h3 exf3 11.
hxg4 fxg2 12. Kxg2 Ne5 13. Qd4 Nexg4 14. Qxa7 Nxe3+ 15. Qxe3 Bc5 16. Qh3+ Kb8 17. a3 Bd4 18. b4 Qb6 19.
Rad1 Bxc3 20. Qxc3 Ne4 21. Qf3 Qg6+ 22. Kh1 Rd6 23.
Rg1 Qh6+ 24. Kg2 Rg6+ 25. Kf1 Nd2+ 26. Rxd2 Qxd2 27. Rxg6 fxg6 28. Bd3 Qc1+ 29. Kg2 Qxa3 30. b5 Rf8 31. Qh3 Qc5 32. f3 Qxd5 33. Be4 Qg5+ 34.
Kf2 h5 35. Qd7 h4 36. b6 Qc5+ 37. Kg2 Qxb6 38. Qxg7 Rd8 39. Qe7 Rd2+ 40. Kh3 Qd6 41. Qe8+ Qd8 42. Qb5 c6 43. Qe5+ Qc7 44. Qh8+ Ka7 45. Qa1+ Kb8 46. Qh8+ Rd8 47. Qf6 Qd7+ 48. Kxh4 Qh7+ 49. Kg3 Qc7+ 50. Kg4 Qd7+ 51. Kg5 Qd2+ 52.
Kxg6 Rd6 0-1